 Dungeon Sprint DCSS version 0.31-a0-1074-g0b22e4e0f1 (webtiles) character file.

Game seed: 13623172467730703829

69367 rocky1 the End of an Era (level 25, 0/234 HPs)
             Began as a Demonspawn Gladiator on Nov 28, 2023.
             Was the Champion of Qazlal.
             Slain by a profane servitor
             ... wielding a +1 demon whip of draining
              (29 damage)
             ... in the Dungeon (Sprint VI: "Thunderdome").
             The game lasted 00:38:56 (3819 turns).

rocky1 the End of an Era (Demonspawn Gladiator)     Turns: 3819, Time: 00:38:56

Health: 0/234      AC: 27    Str: 14    XL:     25   Next: 97%
Magic:  0/49       EV: 22    Int: 13    God:    Qazlal [******]
Gold:   3400       SH: 25    Dex: 27    Spells: 24/24 levels left

rFire   + . .        n - +8 double sword (drain)
rCold   + + .        y - +1 buckler of Eternal Vigilance {Int+3}
rNeg    + + +        a - +0 fire dragon scales
rPois   +            (no helmet)
rElec   +            u - +1 cloak of the Good {Drain rElec rC+++ Int-3}
rCorr   +            (gloves unavailable)
SInv    .            w - +0 pair of boots of the Merwolf {rPois rN+++ Str-5 Stlth-}
Will    +....        r - amulet "Xemaemycs" {Reflect Int+2 SH+5} Stlth
                     m - ring "Wetha" {MP+9 Str+2 Dex+6}
HPRegen 0.59/turn    s - ring of Jyinity {rPois rN+ rCorr Dex-2}
MPRegen 0.62/turn

%: no teleportation, repel missiles, reflection, guardian spirit
@: protected from physical damage, wreathed by umbra
A: claws 3, repulsion field 3, icemail 2, magic shield, magic regeneration,
magic link, black mark, condensation shield, bedeviling, evolution 2, heat
vulnerability 1
}: 4/15 runes: decaying, slimy, gossamer, mossy
a: Renounce Religion, Upheaval, Elemental Force, Disaster Area


You were in the Dungeon.
You worshipped Qazlal.
Qazlal was exalted by your worship.
You visited 1 branch You collected 13900 gold pieces.
You spent 10500 gold pieces at shops.

Inventory:

Hand Weapons
 n - a +8 double sword of draining (weapon)
Missiles
 d - 3 throwing nets (quivered)
 e - 8 javelins
Armour
 a - +0 fire dragon scales (worn)
 c - a +0 helmet
 q - the +2 leather armour of the Equator {Fly rN+}
   (You bought it in a shop in the Dungeon)

   rN+:       It protects you from negative energy.
   Fly:       It grants you flight.
 u - the +1 cloak of the Good (worn) {Drain rElec rC+++ Int-3}
   (You bought it in a shop in the Dungeon)

   Int-3:     It affects your intelligence (-3).
   rC+++:     It renders you almost immune to cold.
   rElec:     It insulates you from electricity.
   Drain:     It drains your maximum health when unequipped.
 v - the +2 helmet of Experimentation {rCorr Str+5 Int-5}
   (You bought it in a shop in the Dungeon)

   Str+5:     It affects your strength (+5).
   Int-5:     It affects your intelligence (-5).
   rCorr:     It protects you from acid and corrosion.
 w - the +0 pair of boots of the Merwolf (worn) {rPois rN+++ Str-5 Stlth-}
   (You bought it in a shop in the Dungeon)

   Str-5:     It affects your strength (-5).
   rPois:     It protects you from poison rN+++: It renders you almost immune to
   negative energy.
   Stlth-:    It makes you less stealthy.
 y - the +1 buckler of Eternal Vigilance (worn) {Int+3}
   (You bought it in a shop in the Dungeon)

   Int+3:     It affects your intelligence (+3).
Jewellery
 m - the ring "Wetha" (left claw) {MP+9 Str+2 Dex+6}
   (You bought it in a shop in the Dungeon)

   [ring of dexterity]

   Str+2:     It affects your strength (+2).
   Dex+6:     It affects your dexterity (+6).
   MP+9:      It affects your magic capacity (+9).
 r - the amulet "Xemaemycs" (around neck) {Reflect Int+2 SH+5}
   (You bought it in a shop in the Dungeon)

   [amulet of reflection]

   Reflect:   It reflects blocked missile attacks.
   Int+2:     It affects your intelligence (+2).
   SH+5:      It affects your SH (+5).
 s - the ring of Jyinity (right claw) {rPois rN+ rCorr Dex-2}
   (You bought it in a shop in the Dungeon)

   [ring of resist corrosion]

   Dex-2:     It affects your dexterity (-2).
   rPois:     It protects you from poison rN+: It protects you from negative
   energy.
   rCorr:     It protects you from acid and corrosion.
 t - the ring "Sassi" {rN+ SInv}
   (You bought it in a shop in the Dungeon)

   [ring of positive energy]

   rN+:       It protects you from negative energy.
   SInv:      It lets you see invisible.
 B - the amulet "Wega" {Acrobat rF+ Str+6}
   (You bought it in a shop in the Dungeon)

   [amulet of the acrobat]

   Acrobat:   It increases your evasion while moving and waiting.
   Str+6:     It affects your strength (+6).
   rF+:       It protects you from fire.
 C - the amulet of Relativism {Acrobat Int+3}
   (You bought it in a shop in the Dungeon)

   [amulet of the acrobat]

   Acrobat:   It increases your evasion while moving and waiting.
   Int+3:     It affects your intelligence (+3).
 D - the ring "Zifuadef" {Contam Will- MP+9 Dex+6 SInv}
   (You bought it in a shop in the Dungeon)

   [ring of dexterity]

   Dex+6:     It affects your dexterity (+6).
   Will-:     It decreases your willpower.
   MP+9:      It affects your magic capacity (+9).
   SInv:      It lets you see invisible.
   Contam:    It causes magical contamination when unequipped.
 E - the amulet "Nyuj Bedd" {Spirit rN+ Int+4 Dex-2}
   (You bought it in a shop in the Dungeon)

   [amulet of guardian spirit]

   Spirit:    It causes incoming damage to be divided between your reserves of
   health and magic.
   Int+4:     It affects your intelligence (+4).
   Dex-2:     It affects your dexterity (-2).
   rN+:       It protects you from negative energy.
 F - the amulet "Ygameff" {Acrobat Int+3 SInv}
   (You bought it in a shop in the Dungeon)

   [amulet of the acrobat]

   Acrobat:   It increases your evasion while moving and waiting.
   Int+3:     It affects your intelligence (+3).
   SInv:      It lets you see invisible.
Wands
 b - a wand of paralysis (20)
 p - a wand of mindburst (9)
 A - a wand of polymorph (5)
Scrolls
 o - a scroll of fog
 z - a scroll of brand weapon
 G - a scroll of blinking
Potions
 f - 21 potions of curing
 g - 29 potions of heal wounds
 h - 10 potions of haste
 i - 13 potions of magic
 j - 4 potions of mutation
 k - 13 potions of might
 l - 7 potions of resistance
 x - 6 potions of attraction


   Skills:
 O Level 27 Fighting
 + Level 24.7 Long Blades
 - Level 1.8 Throwing
 + Level 12.5 Armour
 + Level 12.7 Dodging
 - Level 7.1 Shields
 O Level 27 Invocations


You had 24 spell levels left.
You didn't know any spells.
Your spell library was empty.

Dungeon Overview and Level Annotations

Branches:
Dungeon (1/1)

Altars:
Cheibriados
Dithmenos
Fedhas
Gozag
Kikubaaqudgha
Makhleb
Okawaru
Qazlal
Ru
Sif Muna
Trog
Uskayaw
Vehumet
Wu Jian
Xom
Yredelemnul
Lugonu

Shops:
D *[=??*?*:[((!!


Innate Abilities, Weirdness & Mutations

You have claws for hands.
You are surrounded by a strong repulsion field. (EV +4, RMsl)
A meltable icy envelope protects you from harm. (AC +8)
When hurt, damage is shared between your health and your magic reserves.
You regenerate magic rapidly.
When low on magic, you restore magic in place of health.
Your melee attacks may debilitate your foes.
A meltable shield of frost defends you. (SH +4)
Your hexes are more powerful.
You have great hidden genetic potential.
You are vulnerable to heat. (rF-)


Message History

You kill the angel!
Qazlal accepts your kill.
You hear a sizzling sound! x2
The profane servitor completely misses you.
You block the profane servitor's attack.
Unknown command.
Unknown command.
You hit the profane servitor but do no damage.
The profane servitor is heavily damaged.
The profane servitor hits you with a +1 demon whip of draining.
* * * LOW HITPOINT WARNING * * *
You block the profane servitor's attack.
You closely miss the profane servitor.
The profane servitor is heavily damaged.
The profane servitor hits you with a +1 demon whip of draining!
* * * LOW HITPOINT WARNING * * *
The profane servitor hits you with a +1 demon whip of draining!
* * * LOW HITPOINT WARNING * * *
You barely miss the profane servitor.
The profane servitor is heavily damaged.
The profane servitor hits you with a +1 demon whip of draining!
* * * LOW HITPOINT WARNING * * *
The profane servitor misses you.
You miss the profane servitor.
The profane servitor is heavily damaged.
You block the profane servitor's attack. x2
The profane servitor misses you.
The profane servitor hits you but does no damage.
You slash the profane servitor!
The profane servitor is heavily damaged.
The profane servitor hits you with a +1 demon whip of draining!!
* * * LOW HITPOINT WARNING * * *
You block the profane servitor's attack.
You barely miss the profane servitor.
The profane servitor is heavily damaged.
You block the profane servitor's attack.
The profane servitor closely misses you.
You feel much better.
The profane servitor hits you with a +1 demon whip of draining!!!
You die...

##..≈)...).[)[)###.............
#).)≈.......###...###..........
#)))≈...)[))# #≈<.# #.[........
#⌠).≈≈).≈.§.###)÷÷###÷.≈.÷.....
##..≈...≈≈≈))≈[###÷..≈≈[≈......
###∩..≈))≈§.8.# #)8≈[≈.....∩##
##∩._...))≈§###..)...__.∩##
######≈8.A§○°≈§≈)8.######
#))§.@○≈[§≈≈.§# ###.≈)≈○≈.≈)###
#_.○§○≈§≈_# #.≈)≈≈≈≈≈_#
#_..).≈.≈_# #∩)≈§≈≈≈≈∩#
##∩))≈≈.∩## ##≈§≈.)## ##⌠⌠§##


You could see a profane servitor (strong).

Vanquished Creatures
  Agnes (D)
  A great orb of eyes (D)
  4 profane servitors (D)
  2 pandemonium lords (D)
  A Hell Sentinel (D)
  A daeva (D)
  A balrug (D)
  A reaper (D)
  3 angels (D)
  A wolf spider (D)
  A dire elephant (D)
  2 green deaths (D)
  A fire dragon (D)
  2 hell beasts (D)
  2 ice dragons (D)
  An arcanist (D)
  2 hydras (D)
  10 centaur warriors (D)
  A catoblepas (D)
  3 two-headed ogres (D)
  11 boulder beetles (D)
  23 dancing weapons (D)
  An orc high priest (D)
  Urug (D)
  A shock serpent (D)
  A soul eater (D)
  A skyshark (D)
  A sun demon (D)
  A naga ritualist (D)
  5 death drakes (D)
  2 cherubim (D)
  A lindwurm (D)
  7 swamp dragons (D)
  2 orc knights (D)
  13 shining eyes (D)
  A salamander (D)
  3 black mambas (D)
  A torpor snail (D)
  2 orange demons (D)
  2 smoke demons (D)
  2 cane toads (D)
  2 naga magi (D)
  7 komodo dragons (D)
  A rime drake (D)
  A dryad (D)
  2 ice devils (D)
  2 red devils (D)
  A slime creature (D)
  A spriggan (D)
  14 neqoxecs (D)
  A warg (D)
  3 nagas (D)
  An acid dragon (D)
  2 water moccasins (D)
  An orc warrior (D)
  2 swamp drakes (D)
  5 ogres (D)
  4 phantoms (D)
  2 wolves (D)
  17 centaurs (D)
  A bullfrog (D)
  A scorpion (D)
  An orc wizard (D)
  2 shadow imps (D)
  4 ufetubi (D)
  An adder skeleton (D)
  A worm (D)
  4 giant cockroaches (D)
  A quokka skeleton (D)
208 creatures vanquished.

Vanquished Creatures (collateral kills)
  A tyrant leech (D)
  A hornet (D)
2 creatures vanquished.

Grand Total: 210 creatures vanquished

Notes
Turn   | Place    | Note
-------+----------+-------------------------------------------
     0 | D        | rocky1 the Demonspawn Gladiator began the quest for the
                  | Orb.
     0 | D        | Reached XP level 1. HP: 16/16 MP: 1/1
     4 | D        | Found an ancient bone altar of Kikubaaqudgha.
     4 | D        | Found an opulent altar of Gozag.
     5 | D        | Found a stormy altar of Qazlal.
     5 | D        | Round 1.
     6 | D        | Found a shimmering altar of Xom.
     7 | D        | Found Rempokka's Do-It-Yourself Clinic.
     7 | D        | Found a corrupted altar of Lugonu.
     7 | D        | Found a snail-covered altar of Cheibriados.
     7 | D        | Found Lujigoaq's Distillery.
     8 | D        | Found Loaso's Bottled Wisdom.
     8 | D        | Found Towy's Distillery.
    13 | D        | Became a worshipper of Qazlal Stormbringer
    19 | D        | Found a shimmering blue altar of Sif Muna.
    21 | D        | Found a shadowy altar of Dithmenos.
    28 | D        | Noticed a phantom
    30 | D        | Found a bloodstained altar of Trog.
    37 | D        | Killed a phantom
    38 | D        | Reached skill level 5 in Invocations
    38 | D        | Gained mutation: You are surrounded by a mild repulsion
                  | field. (EV +2) [demonic ancestry]
    38 | D        | Reached XP level 2. HP: 18/24 MP: 1/5
    38 | D        | Gained mutation: A meltable shield of frost defends you.
                  | (SH +4) [demonic ancestry]
    38 | D        | Reached XP level 3. HP: 22/29 MP: 1/6
    38 | D        | Reached XP level 4. HP: 28/36 MP: 1/7
    46 | D        | Noticed a phantom
    50 | D        | Found Kyuli's Staff Store.
    51 | D        | Killed a phantom
    51 | D        | Reached * piety under Qazlal
    52 | D        | Reached skill level 5 in Long Blades
    52 | D        | Gained mutation: You are surrounded by a moderate repulsion
                  | field. (EV +3) [demonic ancestry]
    52 | D        | Reached XP level 5. HP: 38/43 MP: 2/10
    52 | D        | Noticed a phantom
    54 | D        | Found a radiant altar of Vehumet.
    54 | D        | Found a basalt altar of Yredelemnul.
    54 | D        | Found an ornate altar of the Wu Jian Council.
    54 | D        | Found Ezxuisheurr's Magic Scroll Shop.
    54 | D        | Found Osestrub's Must-Have Magic.
    54 | D        | Found Vuty's Magic Scroll Shop.
    59 | D        | Killed a phantom
    63 | D        | Found a sacrificial altar of Ru.
    67 | D        | Found an iron altar of Okawaru.
    69 | D        | Found Nanwyrgh's Timeless Talismans.
    71 | D        | Found Suloirr's Jewellery.
    71 | D        | Found Xymofa's Advanced Armour.
    72 | D        | Found a burning altar of Makhleb.
    72 | D        | Found Ebomyse's Identification Station.
    78 | D        | Found a blossoming altar of Fedhas.
    90 | D        | Found Hodeixt's Premium Goods.
    92 | D        | Found Larerici's Miscellaneous Merchandise.
    92 | D        | Found Wotu's Basic Armour.
    93 | D        | Found a hide-covered altar of Uskayaw.
    93 | D        | Found Nynif Gobb's Weapon Rack.
    99 | D        | Noticed a phantom
   110 | D        | Killed a phantom
   110 | D        | Reached ** piety under Qazlal
   110 | D        | Arena points: 14 (+14) [x2]
   111 | D        | Reached skill level 5 in Fighting
   111 | D        | Reached skill level 5 in Dodging
   111 | D        | Reached XP level 6. HP: 51/51 MP: 9/12
   147 | D        | Round 2.
   204 | D        | Reached *** piety under Qazlal
   214 | D        | Arena points: 56 (+42) [x3]
   285 | D        | Round 3.
   288 | D        | Noticed a neqoxec
   290 | D        | Noticed a neqoxec
   290 | D        | Gained mutation: You occasionally lose the ability to drink
                  | potions when taking damage. [a neqoxec]
   291 | D        | Killed a neqoxec
   291 | D        | Noticed a neqoxec
   291 | D        | Noticed a neqoxec
   292 | D        | Reached skill level 5 in Armour
   292 | D        | Reached skill level 10 in Invocations
   292 | D        | Killed a neqoxec
   292 | D        | Noticed a neqoxec
   293 | D        | Reached XP level 7. HP: 59/59 MP: 4/15
   298 | D        | Noticed a neqoxec
   309 | D        | Killed a neqoxec
   309 | D        | Reached **** piety under Qazlal
   313 | D        | Gained mutation: You are weak. (Str -2) [a neqoxec]
   319 | D        | Killed a neqoxec
   320 | D        | Killed a neqoxec
   321 | D        | Reached XP level 8. HP: 56/67 MP: 7/16
   321 | D        | Arena points: 140 (+84) [x4]
   342 | D        | Bought 3 potions of mutation for 168 gold pieces
   342 | D        | Bought 2 potions of mutation for 112 gold pieces
   342 | D        | Bought a potion of mutation for 56 gold pieces
   342 | D        | Lost mutation: You occasionally lose the ability to drink
                  | potions when taking damage. [potion of mutation]
   342 | D        | Lost mutation: You are weak. (Str -2) [potion of mutation]
   342 | D        | Gained mutation: You are strong-willed. (Will+) [potion of
                  | mutation]
   342 | D        | Gained mutation: You occasionally shout uncontrollably at
                  | your foes. [potion of mutation]
   342 | D        | Gained mutation: Your muscles are strong. (Str +4, Int/Dex
                  | -1) [potion of mutation]
   354 | D        | Round 4.
   372 | D        | Lost mutation: Your muscles are strong. (Str +4, Int/Dex
                  | -1) [a neqoxec]
   376 | D        | Gained mutation: Your magical capacity is low. (-10% MP) [a
                  | neqoxec]
   415 | D        | Lost mutation: You are strong-willed. (Will+) [potion of
                  | mutation]
   415 | D        | Lost mutation: Your magical capacity is low. (-10% MP)
                  | [potion of mutation]
   415 | D        | Lost mutation: You occasionally shout uncontrollably at
                  | your foes. [potion of mutation]
   415 | D        | Gained mutation: You are strong-willed. (Will+) [potion of
                  | mutation]
   415 | D        | Gained mutation: Armour fits poorly on your strangely
                  | shaped body. [potion of mutation]
   415 | D        | Gained mutation: You have a pair of small horns on your
                  | head. [potion of mutation]
   415 | D        | Gained mutation: Your flesh is heat resistant. (rF+)
                  | [potion of mutation]
   416 | D        | Lost mutation: Your flesh is heat resistant. (rF+) [potion
                  | of mutation]
   416 | D        | Lost mutation: You have a pair of small horns on your head.
                  | [potion of mutation]
   416 | D        | Lost mutation: Armour fits poorly on your strangely shaped
                  | body. [potion of mutation]
   416 | D        | Gained mutation: Your system is resistant to poisons.
                  | (rPois) [potion of mutation]
   416 | D        | Gained mutation: You expend magic power (3 MP) to
                  | strengthen your wands. [potion of mutation]
   444 | D        | Gained mutation: You possess an exceptional clarity of
                  | mind. [a neqoxec]
   452 | D        | Reached skill level 10 in Long Blades
   479 | D        | Reached ***** piety under Qazlal
   497 | D        | Arena points: 300 (+160) [x5]
   498 | D        | Reached XP level 9. HP: 74/74 MP: 1/19
   538 | D        | Round 5.
   617 | D        | Noticed a spriggan rider
   618 | D        | Noticed a tyrant leech
   619 | D        | Noticed a witch
   624 | D        | Killed a tyrant leech
   637 | D        | Killed a witch
   637 | D        | Arena points: 545 (+245) [x7]
   638 | D        | Reached skill level 15 in Invocations
   642 | D        | Got a decaying rune of Zot
   647 | D        | Reached skill level 10 in Fighting
   647 | D        | Reached XP level 10. HP: 73/85 MP: 7/21
   658 | D        | Bought a crude turquoise ring for 45 gold pieces
   658 | D        | Identified the ring "Wetha" {MP+9 Str+2 Dex+6} (You bought
                  | it in a shop in the Dungeon)
   658 | D        | Bought a smoking iron amulet for 45 gold pieces
   658 | D        | Identified the amulet "Suqioned" {Faith rPois rF+} (You
                  | bought it in a shop in the Dungeon)
   658 | D        | Bought a crude brass amulet for 45 gold pieces
   658 | D        | Identified the amulet "Xemaemycs" {Reflect Int+2 SH+5} (You
                  | bought it in a shop in the Dungeon)
   658 | D        | Bought a crude jade ring for 45 gold pieces
   658 | D        | Identified the ring of Jyinity {rPois rN+ rCorr Dex-2} (You
                  | bought it in a shop in the Dungeon)
   658 | D        | Bought a coiled glass ring for 45 gold pieces
   658 | D        | Identified the ring "Sassi" {rN+ SInv} (You bought it in a
                  | shop in the Dungeon)
   776 | D        | Bought an encrusted leather armour for 245 gold pieces
   776 | D        | Identified the +2 leather armour of the Equator {Fly rN+}
                  | (You bought it in a shop in the Dungeon)
   851 | D        | Round 6.
   860 | D        | Noticed a two-headed ogre
   862 | D        | Noticed a two-headed ogre
   867 | D        | Killed a two-headed ogre
   869 | D        | Killed a two-headed ogre
   870 | D        | Gained mutation: A meltable icy envelope protects you from
                  | harm. (AC +8) [demonic ancestry]
   870 | D        | Reached XP level 11. HP: 90/90 MP: 16/23
   880 | D        | Arena points: 929 (+384) [x8]
   927 | D        | Round 7.
   928 | D        | Noticed a skyshark
   935 | D        | Killed a skyshark
   954 | D        | Arena points: 1559 (+630) [x9]
   992 | D        | Round 8.
  1004 | D        | Noticed Urug
  1005 | D        | Noticed a two-headed ogre
  1005 | D        | Noticed an orc knight
  1007 | D        | Noticed an orc knight
  1008 | D        | Noticed an orc high priest
  1015 | D        | Killed a two-headed ogre
  1015 | D        | Killed an orc knight
  1016 | D        | Killed an orc knight
  1021 | D        | Killed an orc high priest
  1025 | D        | Killed Urug
  1050 | D        | Arena points: 2279 (+720) [x10]
  1078 | D        | Round 9.
  1090 | D        | Reached skill level 15 in Long Blades
  1097 | D        | Reached ****** piety under Qazlal
  1114 | D        | Noticed a shock serpent
  1121 | D        | Killed a shock serpent
  1141 | D        | Noticed a naga ritualist
  1143 | D        | Killed a naga ritualist
  1144 | D        | Gained mutation: You have sharp fingernails. [demonic
                  | ancestry]
  1144 | D        | Reached XP level 12. HP: 42/97 MP: 28/28
  1151 | D        | Arena points: 3269 (+990) [x11]
  1198 | D        | Round 10.
  1223 | D        | Arena points: 4439 (+1170) [x13]
  1226 | D        | Got a gossamer rune of Zot
  1242 | D        | Bought 3 potions of experience for 900 gold pieces
  1242 | D        | Gained mutation: You have very sharp fingernails. [demonic
                  | ancestry]
  1242 | D        | Reached XP level 13. HP: 78/104 MP: 29/29
  1243 | D        | Gained mutation: You have claws for hands. [demonic
                  | ancestry]
  1243 | D        | Reached XP level 14. HP: 84/111 MP: 30/30
  1244 | D        | Gained mutation: A meltable icy envelope protects you from
                  | harm. (AC +8) [demonic ancestry]
  1244 | D        | Reached XP level 15. HP: 90/118 MP: 31/31
  1245 | D        | Gained mutation: You regenerate magic rapidly. [demonic
                  | ancestry]
  1245 | D        | Reached XP level 16. HP: 95/125 MP: 32/32
  1344 | D        | Bought a heavily runed cloak for 332 gold pieces
  1344 | D        | Identified the +1 cloak of the Good {Drain rElec rC+++
                  | Int-3} (You bought it in a shop in the Dungeon)
  1344 | D        | Bought a dazzling helmet for 332 gold pieces
  1344 | D        | Identified the +2 helmet of Experimentation {rCorr Str+5
                  | Int-5} (You bought it in a shop in the Dungeon)
  1344 | D        | Bought a pair of masterwork boots for 332 gold pieces
  1344 | D        | Identified the +0 pair of boots of the Merwolf {rPois rN+++
                  | Str-5 Stlth-} (You bought it in a shop in the Dungeon)
  1415 | D        | Round 11.
  1532 | D        | Arena points: 6133 (+1694) [x14]
  1592 | D        | Round 12.
  1725 | D        | Arena points: 8113 (+1980) [x15]
  1764 | D        | Round 13.
  1782 | D        | Reached skill level 27 in Invocations
  1911 | D        | Arena points: 10817 (+2704) [x16]
  1976 | D        | Round 14.
  2143 | D        | Arena points: 13435 (+2618) [x17]
  2164 | D        | Bought 6 potions of attraction for 126 gold pieces
  2175 | D        | Round 15.
  2196 | D        | Noticed Agnes
  2218 | D        | Killed Agnes
  2218 | D        | Arena points: 16570 (+3135) [x19]
  2221 | D        | Got a mossy rune of Zot
  2222 | D        | Reached XP level 17. HP: 124/133 MP: 34/34
  2233 | D        | Bought 3 potions of experience for 900 gold pieces
  2233 | D        | Bought 2 potions of experience for 600 gold pieces
  2233 | D        | Bought a potion of experience for 300 gold pieces
  2233 | D        | Bought a potion of experience for 300 gold pieces
  2233 | D        | Reached skill level 10 in Dodging
  2233 | D        | Reached XP level 18. HP: 135/140 MP: 35/35
  2234 | D        | Reached skill level 10 in Armour
  2234 | D        | Gained mutation: You are surrounded by a strong repulsion
                  | field. (EV +4, RMsl) [demonic ancestry]
  2234 | D        | Reached XP level 19. HP: 141/146 MP: 36/36
  2235 | D        | Gained mutation: When hurt, damage is shared between your
                  | health and your magic reserves. [demonic ancestry]
  2235 | D        | Reached XP level 20. HP: 148/152 MP: 37/37
  2236 | D        | Gained mutation: When low on magic, you restore magic in
                  | place of health. [demonic ancestry]
  2236 | D        | Reached XP level 21. HP: 154/158 MP: 38/38
  2237 | D        | Reached skill level 5 in Shields
  2237 | D        | Gained mutation: Your hexes are more powerful. [demonic
                  | ancestry]
  2237 | D        | Reached XP level 22. HP: 161/165 MP: 39/39
  2238 | D        | Reached XP level 23. HP: 171/174 MP: 40/40
  2239 | D        | Gained mutation: Your melee attacks may debilitate your
                  | foes. [demonic ancestry]
  2239 | D        | Reached XP level 24. HP: 181/184 MP: 40/40
  2288 | D        | Bought a dazzling buckler for 332 gold pieces
  2288 | D        | Identified the +1 buckler of Eternal Vigilance {Int+3} (You
                  | bought it in a shop in the Dungeon)
  2429 | D        | Round 16.
  2495 | D        | Reached skill level 15 in Fighting
  2557 | D        | Arena points: 20730 (+4160) [x20]
  2626 | D        | Round 17.
  2660 | D        | Bought 4 potions of curing for 84 gold pieces
  2660 | D        | Bought 4 potions of curing for 84 gold pieces
  2660 | D        | Bought 3 potions of heal wounds for 105 gold pieces
  2660 | D        | Bought 3 potions of heal wounds for 105 gold pieces
  2660 | D        | Bought 3 potions of heal wounds for 105 gold pieces
  2660 | D        | Bought 3 potions of heal wounds for 105 gold pieces
  2726 | D        | Gained mutation: You are clumsy. (Dex -2) [a neqoxec]
  2729 | D        | Gained mutation: You are weak. (Str -2) [a neqoxec]
  2750 | D        | Bought 8 scrolls of enchant weapon for 600 gold pieces
  2750 | D        | Bought a scroll of brand weapon for 95 gold pieces
  2767 | D        | Arena points: 25371 (+4641) [x21]
  2814 | D        | Round 18.
  2951 | D        | Arena points: 30123 (+4752) [x22]
  3000 | D        | Round 19.
  3039 | D        | Arena points: 37989 (+7866) [x23]
  3074 | D        | Bought a potion of heal wounds for 35 gold pieces
  3082 | D        | Round 20.
  3106 | D        | Arena points: 44489 (+6500) [x25]
  3109 | D        | Got a slimy rune of Zot
  3111 | D        | Reached XP level 25. HP: 187/223 MP: 40/40
  3147 | D        | Bought 4 potions of curing for 84 gold pieces
  3147 | D        | Bought 4 potions of curing for 84 gold pieces
  3147 | D        | Bought 4 potions of curing for 84 gold pieces
  3147 | D        | Bought 3 potions of heal wounds for 105 gold pieces
  3147 | D        | Bought 3 potions of heal wounds for 105 gold pieces
  3147 | D        | Bought 3 potions of heal wounds for 105 gold pieces
  3147 | D        | Bought 3 potions of heal wounds for 105 gold pieces
  3147 | D        | Bought 3 potions of heal wounds for 105 gold pieces
  3147 | D        | Bought 3 potions of heal wounds for 105 gold pieces
  3147 | D        | Bought 3 potions of heal wounds for 105 gold pieces
  3147 | D        | Bought 3 potions of heal wounds for 105 gold pieces
  3155 | D        | Bought 6 potions of magic for 336 gold pieces
  3155 | D        | Bought 6 potions of magic for 336 gold pieces
  3155 | D        | Bought 3 potions of mutation for 168 gold pieces
  3155 | D        | Bought 2 potions of mutation for 112 gold pieces
  3155 | D        | Bought 2 potions of mutation for 112 gold pieces
  3155 | D        | Bought 6 potions of might for 168 gold pieces
  3155 | D        | Bought 3 potions of haste for 210 gold pieces
  3155 | D        | Bought 6 potions of resistance for 420 gold pieces
  3157 | D        | Bought a potion of might for 28 gold pieces
  3157 | D        | Bought 2 potions of mutation for 112 gold pieces
  3157 | D        | Bought 6 potions of might for 168 gold pieces
  3157 | D        | Bought 3 potions of haste for 210 gold pieces
  3187 | D        | Bought a twitching pewter amulet for 45 gold pieces
  3187 | D        | Identified the amulet "Wega" {Acrobat rF+ Str+6} (You
                  | bought it in a shop in the Dungeon)
  3187 | D        | Bought a bound graven amulet for 45 gold pieces
  3187 | D        | Identified the amulet of Relativism {Acrobat Int+3} (You
                  | bought it in a shop in the Dungeon)
  3187 | D        | Bought a fine glass ring for 45 gold pieces
  3187 | D        | Identified the ring "Zifuadef" {Contam Will- MP+9 Dex+6
                  | SInv} (You bought it in a shop in the Dungeon)
  3187 | D        | Bought a steaming platinum amulet for 45 gold pieces
  3187 | D        | Identified the amulet "Nyuj Bedd" {Spirit rN+ Int+4 Dex-2}
                  | (You bought it in a shop in the Dungeon)
  3187 | D        | Bought a brightly glowing steel amulet for 45 gold pieces
  3187 | D        | Identified the amulet "Ygameff" {Acrobat Int+3 SInv} (You
                  | bought it in a shop in the Dungeon)
  3211 | D        | Bought 3 scrolls of blinking for 225 gold pieces
  3308 | D        | Round 21.
  3374 | D        | Arena points: 52679 (+8190) [x26]
  3400 | D        | Round 22.
  3468 | D        | Gained mutation: Potions are less effective at restoring
                  | your health. [a shining eye]
  3516 | D        | Gained mutation: You have hidden genetic defects. [a
                  | shining eye]
  3519 | D        | Gained mutation: You are frail. (-10% HP) [a shining eye]
  3528 | D        | Gained mutation: Your spells are a little harder to cast,
                  | but a little more powerful. [a shining eye]
  3529 | D        | Gained mutation: You are very frail. (-20% HP) [a shining
                  | eye]
  3531 | D        | Gained mutation: You occasionally lose the ability to drink
                  | potions when taking damage. [a shining eye]
  3536 | D        | Lost mutation: You are weak. (Str -2) [a shining eye]
  3547 | D        | Gained mutation: You are extremely frail. (-30% HP) [a
                  | shining eye]
  3549 | D        | Reached skill level 27 in Fighting
  3564 | D        | Arena points: 60995 (+8316) [x27]
  3568 | D        | Lost mutation: You possess an exceptional clarity of mind.
                  | [potion of mutation]
  3568 | D        | Lost mutation: You have hidden genetic defects. [potion of
                  | mutation]
  3568 | D        | Lost mutation: Your spells are a little harder to cast, but
                  | a little more powerful. [potion of mutation]
  3568 | D        | Gained mutation: You have large cloven feet. [potion of
                  | mutation]
  3569 | D        | Lost mutation: You are strong-willed. (Will+) [potion of
                  | mutation]
  3569 | D        | Lost mutation: You have large cloven feet. [potion of
                  | mutation]
  3569 | D        | Lost mutation: You are clumsy. (Dex -2) [potion of
                  | mutation]
  3569 | D        | Gained mutation: You are weak. (Str -2) [potion of
                  | mutation]
  3569 | D        | Gained mutation: You have a pair of small antennae on your
                  | head. [potion of mutation]
  3570 | D        | Lost mutation: You have a pair of small antennae on your
                  | head. [potion of mutation]
  3570 | D        | Lost mutation: Your system is resistant to poisons. (rPois)
                  | [potion of mutation]
  3570 | D        | Lost mutation: Potions are less effective at restoring your
                  | health. [potion of mutation]
  3570 | D        | Gained mutation: You have a somewhat thin skeletal
                  | structure. (Dex +2, Stealth+) [potion of mutation]
  3571 | D        | Lost mutation: You are weak. (Str -2) [potion of mutation]
  3571 | D        | Lost mutation: You expend magic power (3 MP) to strengthen
                  | your wands. [potion of mutation]
  3571 | D        | Lost mutation: You are extremely frail. (-30% HP) [potion
                  | of mutation]
  3571 | D        | Lost mutation: You are very frail. (-20% HP) [potion of
                  | mutation]
  3571 | D        | Gained mutation: You have a pair of small horns on your
                  | head. [potion of mutation]
  3571 | D        | Gained mutation: You have an increased reservoir of magic.
                  | (+10% MP) [potion of mutation]
  3572 | D        | Lost mutation: You have a somewhat thin skeletal structure.
                  | (Dex +2, Stealth+) [potion of mutation]
  3572 | D        | Lost mutation: You have a pair of small horns on your head.
                  | [potion of mutation]
  3572 | D        | Gained mutation: You are vulnerable to cold. (rC-) [potion
                  | of mutation]
  3572 | D        | Lost mutation: You occasionally lose the ability to drink
                  | potions when taking damage. [potion of mutation]
  3572 | D        | Gained mutation: You are covered in fur. (AC +1) [potion of
                  | mutation]
  3573 | D        | Lost mutation: You are covered in fur. (AC +1) [potion of
                  | mutation]
  3573 | D        | Lost mutation: You have an increased reservoir of magic.
                  | (+10% MP) [potion of mutation]
  3573 | D        | Gained mutation: You are vulnerable to heat. (rF-) [potion
                  | of mutation]
  3573 | D        | Gained mutation: You are dopey. (Int -2) [potion of
                  | mutation]
  3573 | D        | Gained mutation: You are clumsy. (Dex -2) [potion of
                  | mutation]
  3574 | D        | Lost mutation: You are frail. (-10% HP) [potion of
                  | mutation]
  3574 | D        | Lost mutation: You are vulnerable to cold. (rC-) [potion of
                  | mutation]
  3575 | D        | Lost mutation: You are dopey. (Int -2) [potion of mutation]
  3575 | D        | Lost mutation: You are clumsy. (Dex -2) [potion of
                  | mutation]
  3575 | D        | Gained mutation: You have hidden genetic potential. [potion
                  | of mutation]
  3575 | D        | Gained mutation: You have great hidden genetic potential.
                  | [potion of mutation]
  3590 | D        | Round 23.
  3594 | D        | Noticed Myfecv Cenit the pandemonium lord
  3601 | D        | Killed Myfecv Cenit the pandemonium lord
  3606 | D        | Noticed Fogu the pandemonium lord
  3626 | D        | Killed Fogu the pandemonium lord
  3643 | D        | Arena points: 69367 (+8372) [x28]
  3672 | D        | Round 24.
  3807 | D        | HP: 10/234 [angel/+2 whip of holy wrath (5)]
  3817 | D        | HP: 7/234 [profane servitor/+1 demon whip of draining (13)]
  3819 | D        | Slain by a profane servitor

Illustrated notes

Levels and vault maps discovered:
D:        arena_sprint

Skill      XL: |  1  2  3  4  5  6  7  8  9 10 11 12 13 14 15 16 17 18 19 20 21 22 23 24 25 |
---------------+----------------------------------------------------------------------------+-----
Fighting       | 3 4 5 6 7 8 10 11 12 13 24 27 | 27.0
Long Blades    | 4 5 6 8 9 10 12 15 16 21 24 | 24.7
Armour         | 2 3 4 5 6 7 8 9 10 11 12 | 12.5
Dodging        | 3 4 5 6 7 8 9 10 11 12 | 12.7
Invocations    | 5 6 8 10 11 13 15 17 24 27 | 27.0
Shields        | 2 3 4 5 7 |  7.1
Throwing       | |  1.8

Action                     |  1- 3 |  4- 6 |  7- 9 | 10-12 | 13-15 | 16-18 | 19-21 | 22-24 | 25-27 || total
---------------------------+-------+-------+-------+-------+-------+-------+-------+-------+-------++-------
  Melee: Long sword        |     4 |    33 |    49 |    42 |       |       |       |       |       ||   128
         Punch             |       |     2 |       |     1 |       |     3 |       |       |       ||     6
         Double sword      |       |       |       |    41 |       |   234 |       |   176 |   200 ||   651
 Invoke: Upheaval          |       |     3 |     8 |    13 |       |     1 |       |     5 |     8 ||    38
         Disaster Area     |       |       |     1 |     2 |       |       |       |     2 |     4 ||     9
         Elemental Force   |       |       |     1 |       |       |       |       |       |       ||     1
  Evoke: Wand              |     3 |     2 |     3 |     2 |       |       |       |       |       ||    10
    Use: Potion            |       |       |     5 |     2 |     3 |     3 |     3 |     6 |    17 ||    39
         Scroll            |       |       |     1 |     3 |       |       |       |    10 |     2 ||    16
 Armour: Leather armour    |     6 |     7 |     8 |    27 |       |    44 |       |       |       ||    92
         Fire dragon scale |       |       |       |       |       |    22 |       |    58 |   110 ||   190
  Dodge: Dodged            |       |    21 |    15 |    64 |       |   141 |       |    38 |    74 ||   353
         Repelled          |       |       |       |       |       |     6 |       |     1 |     4 ||    11
  Block: Other             |       |    10 |     8 |    51 |       |   138 |       |       |       ||   207
         Reflection        |       |       |       |     2 |       |    27 |       |    30 |     2 ||    61
         Buckler           |       |       |       |       |       |       |       |   187 |   193 ||   380

Table legend: (Time is in decaauts)
 A = Elapsed time spent in this place.
 B = Non-inter-level travel time spent in this place.
 C = Inter-level travel time spent in this place.
 D = Time resting spent in this place.
 E = Time spent auto-exploring this place.
 F = Levels seen in this place.
 G = Mean time per level.
                   A        B        C        D        E       F      G
               +--------+--------+--------+--------+--------+-----+--------+
         Total |   3641 |   3627 |     14 |   1215 |     52 |   1 | 3641.0 |
       Dungeon |   3641 |   3627 |     14 |   1215 |     52 |   1 | 3641.0 |
               +--------+--------+--------+--------+--------+-----+--------+

Top non-repeatable levels by time:
       D: 3641 daAuts
